[Event "ICC tourney 2349 (60 10)"]
[Site "Internet Chess Club"]
[Date "2021.01.30"]
[Round "3"]
[White "guineapig25"]
[Black "AccuratePotato"]
[Result "1-0"]
[ICCResult "Black checkmated"]
[WhiteElo "2044"]
[BlackElo "1748"]
[Opening "Sicilian: Najdorf, Opocensky variation"]
[ECO "B92"]
[NIC "SI.11"]
[Time "16:01:07"]
[PlyCount "139"]
[TimeControl "3600+10"]

1. e4 c5 2. Nf3 d6 3. d4 cxd4 4. Nxd4 Nf6 5. Nc3 a6 6. Be2 e5 7. Nb3 Be7 8.
O-O O-O 9. Kh1 Be6 10. f4 exf4 11. Bxf4 Nc6 12. a4 Rc8 13. Nd4 Nxd4 14.
Qxd4 Qc7 15. Rad1 Rfd8 16. Qf2 Qc5 17. Qg3 Nh5 18. Bxh5 Qxh5 19. Bxd6 Bh4
20. Qe5 Qxe5 21. Bxe5 Bg4 22. Rxd8+ Rxd8 23. Rf4 h5 24. h3 f6 25. Bc7 Rd7
26. Nd5 Be6 27. Rxh4 Bxd5 28. exd5 Rxc7 29. c4 Kf7 30. Kg1 Ke7 31. Kf2 Kd6
32. Ke3 b5 33. axb5 axb5 34. cxb5 Rb7 35. Rb4 Kxd5 36. b6 Kc5 37. Rb3 Kc4
38. Rc3+ Kd5 39. Rc7 Rxb6 40. Rxg7 Rxb2 41. Kf4 Rf2+ 42. Kg3 Rf5 43. Kh4
Ke6 44. Rh7 Rg5 45. g3 Rg8 46. Rxh5 Kf7 47. g4 Kg6 48. Rf5 Rh8+ 49. Kg3 Kg7
50. Ra5 Kg6 51. Ra3 Re8 52. Kf4 Rh8 53. Rb3 Rh4 54. Kg3 Rh8 55. h4 Rf8 56.
Kf4 Rh8 57. h5+ Kf7 58. Kf5 Rg8 59. Rb7+ Ke8 60. Rb8+ Kf7 61. Rxg8 Kxg8 62.
Kxf6 Kh8 63. g5 Kg8 64. g6 Kh8 65. g7+ Kg8 66. h6 Kh7 67. Kf7 Kxh6 68. g8=Q
Kh5 69. Qg3 Kh6 70. Qh4# { Black checkmated } 1-0

[Event "ICC tourney 2349 (60 10)"]
[Site "Internet Chess Club"]
[Date "2021.01.30"]
[Round "3"]
[White "danilattack"]
[Black "fluffyhead101"]
[Result "1-0"]
[ICCResult "Black checkmated"]
[WhiteElo "1785"]
[BlackElo "1473"]
[Opening "QGD: Chigorin defense"]
[ECO "D07"]
[NIC "QP.08"]
[Time "16:01:50"]
[PlyCount "101"]
[TimeControl "3600+10"]

1. d4 d5 2. c4 Nc6 3. Nf3 dxc4 4. e4 Bg4 5. d5 Ne5 6. Bf4 Nxf3+ 7. gxf3 Bd7
8. Bxc4 g6 9. Nc3 Bg7 10. Nb5 Bxb5 11. Bxb5+ Kf8 12. e5 Nh6 13. Rc1 Rc8 14.
d6 c6 15. d7 Ra8 16. Bc4 e6 17. Qd2 Nf5 18. Rd1 h6 19. Qb4+ Kg8 20. Qxb7 c5
21. Qe4 Qa5+ 22. Bd2 Qd8 23. O-O Kh7 24. Bc3 h5 25. Kh1 Qc7 26. Rg1 Rhd8
27. f4 Rab8 28. Qd3 Nh4 29. f3 Rb7 30. Be1 Nf5 31. Bf2 Rxd7 32. Qe2 Qa5 33.
b3 Nd4 34. Bxd4 cxd4 35. a4 Bf8 36. Qe4 Qb6 37. Bd3 Kh8 38. Rg5 Bh6 39.
Rxh5 f5 40. exf6 gxh5 41. Qg6 Qd8 42. Qxh6+ Rh7 43. Bxh7 Rxh7 44. Qg6 Qf8
45. Rxd4 Rf7 46. Qxh5+ Rh7 47. Qg5 Rf7 48. f5 exf5 49. Qxf5 Rxf6 50. Rh4+
Kg8 51. Qh7# { Black checkmated } 1-0

[Event "ICC tourney 2349 (60 10)"]
[Site "Internet Chess Club"]
[Date "2021.01.30"]
[Round "3"]
[White "Thoshan"]
[Black "AstonRoberts"]
[Result "0-1"]
[ICCResult "White resigns"]
[WhiteElo "1916"]
[BlackElo "1670"]
[Opening "Sicilian: Kan, 5.Nc3"]
[ECO "B43"]
[NIC "SI.41"]
[Time "16:01:02"]
[PlyCount "80"]
[TimeControl "3600+10"]

1. e4 c5 2. Nf3 e6 3. d4 cxd4 4. Nxd4 a6 5. Nc3 Qc7 6. Be2 b5 7. a3 Nf6 8.
O-O Bb7 9. Bf3 d6 10. Re1 Nbd7 11. g3 Be7 12. Bg2 O-O 13. f4 Rfe8 14. Kh1
Nc5 15. g4 Bf8 16. g5 Nfd7 17. b4 e5 18. fxe5 dxe5 19. Nf5 Ne6 20. Nd5 Qd8
21. Qg4 g6 22. Ng3 Nd4 23. Qxd7 Bxd5 24. Qxd5 Nxc2 25. Bb2 Qxg5 26. Rf1 Qe7
27. Bh3 Nxa1 28. Bxa1 Rad8 29. Qb3 Bg7 30. Ne2 Rf8 31. Qb2 Qg5 32. Ng3 Qh6
33. Bg2 Rd3 34. Kg1 Rfd8 35. Qa2 R8d7 36. a4 Qe3+ 37. Kh1 Rd2 38. Qb1 bxa4
39. Bh3 Rc7 40. b5 Rcc2 { White resigns } 0-1

[Event "ICC tourney 2349 (60 10)"]
[Site "Internet Chess Club"]
[Date "2021.01.30"]
[Round "3"]
[White "Basher22"]
[Black "pvnieuwe"]
[Result "1/2-1/2"]
[ICCResult "Game drawn by mutual agreement"]
[WhiteElo "1759"]
[BlackElo "1496"]
[Opening "Queen's pawn game"]
[ECO "D02"]
[NIC "QP.08"]
[Time "16:01:23"]
[PlyCount "84"]
[TimeControl "3600+10"]

1. d4 d5 2. Nf3 Bf5 3. g3 c5 4. Bg2 e6 5. O-O Nc6 6. c4 Nf6 7. Nc3 Be7 8.
cxd5 Nxd5 9. Nxd5 Qxd5 10. dxc5 Qxc5 11. Be3 Qb5 12. Qb3 Qxb3 13. axb3 a6
14. Nd4 Nxd4 15. Bxd4 O-O 16. Bxb7 Rab8 17. Bxa6 Rxb3 18. Rfc1 Rd8 19. e3
Bf6 20. Bc4 Rbb8 21. Bxf6 gxf6 22. b3 Rd2 23. Rd1 Rb2 24. Ra3 Bc2 25. Rd2
Rb1+ 26. Kg2 Bxb3 27. Bd3 Rc1 28. Be4 Bc4 29. Rc2 Rxc2 30. Bxc2 Bd5+ 31. e4
Bc6 32. Kf3 Rb4 33. Rc3 Bb7 34. Ke3 Kg7 35. g4 Kg6 36. h4 e5 37. Rb3 Rxb3+
38. Bxb3 Bc8 39. Bd1 Be6 40. f4 Bd7 41. f5+ Kh6 42. Kd3 Bb5+ { Game drawn
by mutual agreement } 1/2-1/2

[Event "ICC tourney 2349 (60 10)"]
[Site "Internet Chess Club"]
[Date "2021.01.30"]
[Round "3"]
[White "H2ODerp"]
[Black "speedyplot"]
[Result "1/2-1/2"]
[ICCResult "Game drawn by mutual agreement"]
[WhiteElo "2075"]
[BlackElo "1855"]
[Opening "Sicilian: closed"]
[ECO "B23"]
[NIC "SI.44"]
[Time "16:01:03"]
[PlyCount "76"]
[TimeControl "3600+10"]

1. e4 c5 2. Nc3 e6 3. g3 Nc6 4. Bg2 Nf6 5. Nge2 d5 6. exd5 exd5 7. d4 cxd4
8. Nxd4 Bc5 9. Be3 Nxd4 10. Bxd4 Qe7+ 11. Ne2 Bxd4 12. Qxd4 O-O 13. Bf3 Bf5
14. c3 Be4 15. Bxe4 Qxe4 16. Qxe4 dxe4 17. Rd1 Rad8 18. O-O Ng4 19. h3 Ne5
20. Nf4 e3 21. fxe3 Nc4 22. Rd4 Nxe3 23. Rf3 Nf5 24. Rxd8 Rxd8 25. g4 Ne7
26. Rd3 Rxd3 27. Nxd3 f5 28. gxf5 Kf7 29. Nc5 b6 30. Ne4 Nxf5 31. Kf2 h6
32. Ng3 Ke6 33. Ne2 Ke5 34. Kf3 a6 35. Nf4 g5 36. Nd3+ Ke6 37. b3 h5 38. a4
Nd6 { Game drawn by mutual agreement } 1/2-1/2

[Event "ICC tourney 2349 (60 10)"]
[Site "Internet Chess Club"]
[Date "2021.01.30"]
[Round "3"]
[White "agent1337"]
[Black "aritroc"]
[Result "1-0"]
[ICCResult "Black checkmated"]
[WhiteElo "1670"]
[BlackElo "1917"]
[Opening "Nimzo-Indian: Kmoch variation"]
[ECO "E20"]
[NIC "NI.30"]
[Time "16:01:31"]
[PlyCount "89"]
[TimeControl "3600+10"]

1. d4 Nf6 2. c4 e6 3. Nc3 Bb4 4. f3 d5 5. a3 Bxc3+ 6. bxc3 O-O 7. Bg5 h6 8.
Bh4 c5 9. e3 Qa5 10. Qc2 Nbd7 11. cxd5 exd5 12. Ne2 Re8 13. Kf2 Qd8 14.
Bxf6 Nxf6 15. dxc5 Qe7 16. Qd2 Qxc5 17. Qd4 Qc6 18. Nf4 Bf5 19. Be2 Rac8
20. Rac1 Qd6 21. c4 Qxa3 22. Ra1 Qb3 23. cxd5 a6 24. Rhc1 Rcd8 25. Bc4 Qb4
26. Ne2 Bg6 27. h3 Kh8 28. Nf4 Bf5 29. g4 Bh7 30. h4 b5 31. g5 Ne4+ 32.
fxe4 Rxe4 33. Qc3 Qc5 34. Nh5 f6 35. gxh6 Rxc4 36. hxg7+ Kg8 37. Nxf6+ Kf7
38. Qe5 Rc2+ 39. Rxc2 Qxc2+ 40. Kf3 Bd3 41. Qe6+ Kxg7 42. Rg1+ Bg6 43. Qe7+
Kh6 44. Ng4+ Kh5 45. Qg5# { Black checkmated } 1-0

[Event "ICC tourney 2349 (60 10)"]
[Site "Internet Chess Club"]
[Date "2021.01.30"]
[Round "3"]
[White "raawad"]
[Black "Saga44"]
[Result "0-1"]
[ICCResult "White checkmated"]
[WhiteElo "1442"]
[BlackElo "974"]
[Opening "QGD: Charousek (Petrosian) variation"]
[ECO "D31"]
[NIC "QP.08"]
[Time "16:01:15"]
[PlyCount "148"]
[TimeControl "3600+10"]

1. d4 d5 2. c4 e6 3. Nc3 Be7 4. Bf4 Nf6 5. e3 Nbd7 6. Nf3 b6 7. Bd3 Bb7 8.
O-O O-O 9. Qc2 c5 10. cxd5 exd5 11. b3 Qc8 12. Nb5 Qc6 13. a4 a6 14. Na3
Ne4 15. Ne5 Nxe5 16. Bxe5 Qg6 17. f3 Bg5 18. fxe4 Bxe3+ 19. Kh1 dxe4 20.
Bc4 cxd4 21. Qe2 Kh8 22. Rad1 Rad8 23. Bxa6 d3 24. Qxe3 Bxa6 25. Bc7 Rd7
26. Qxb6 Qxb6 27. Bxb6 Re8 28. Be3 Rb7 29. Nc4 Rxb3 30. Nd6 Re7 31. Rxf7
Rxf7 32. Nxf7+ Kg8 33. Ng5 Rb4 34. h3 Rxa4 35. Rd2 Bb7 36. Kh2 Rc4 37. Kg3
Bd5 38. h4 h6 39. Nh3 Bc6 40. Nf2 Kf7 41. Kf4 Kf6 42. Nh3 g6 43. g4 Bb7 44.
g5+ hxg5+ 45. hxg5+ Ke6 46. Nf2 Kd6 47. Ng4 Ra4 48. Ne5 Ke6 49. Nxg6 Kf7
50. Ne5+ Ke6 51. Rb2 Bd5 52. g6 Kf6 53. Rg2 Kg7 54. Kf5 Ra8 55. Nd7 Ra6 56.
Bd4+ Kg8 57. Nf6+ Rxf6+ 58. Bxf6 e3 59. Bc3 Bxg2 60. Kf4 d2 61. Bxd2 exd2
62. Ke3 d1=Q 63. g7 Qf1 64. Kd2 Qf3 65. Ke1 Bh3 66. Kd2 Bc8 67. Kc1 Qe2 68.
Kb1 Qd2 69. Ka1 Kxg7 70. Kb1 Kf6 71. Ka1 Ke5 72. Kb1 Kd4 73. Ka1 Kc3 74.
Kb1 Qb2# { White checkmated } 0-1

[Event "ICC tourney 2349 (60 10)"]
[Site "Internet Chess Club"]
[Date "2021.01.30"]
[Round "3"]
[White "espark"]
[Black "RogerZ"]
[Result "1-0"]
[ICCResult "Black checkmated"]
[WhiteElo "2322"]
[BlackElo "1930"]
[Opening "English, 1...Nf6 (Anglo-Indian defense)"]
[ECO "A15"]
[NIC "EO.64"]
[Time "16:01:03"]
[PlyCount "103"]
[TimeControl "3600+10"]

1. c4 Nf6 2. g3 g6 3. Bg2 Bg7 4. Nc3 O-O 5. Nf3 d6 6. O-O Nc6 7. d3 e5 8.
Bg5 h6 9. Bxf6 Bxf6 10. Rb1 Be6 11. b4 Bg7 12. Nd2 Qc8 13. Nd5 Bxd5 14.
cxd5 Ne7 15. Qa4 f5 16. Rbc1 Qd8 17. Nb3 g5 18. Na5 b6 19. Nc6 Nxc6 20.
Qxc6 Rf7 21. e4 f4 22. Bh3 Kh8 23. Be6 Re7 24. Qa4 h5 25. Qd1 g4 26. h3 Bh6
27. Rc2 Rg7 28. h4 Qf6 29. Rc4 Rf8 30. Bf5 Qd8 31. Qa4 Qb8 32. Qc6 a5 33.
Rb1 b5 34. Rc2 Qa7 35. Kh2 fxg3+ 36. fxg3 Rb8 37. bxa5 Qxa5 38. Rf1 Qa7 39.
Re2 Qd4 40. Qc2 Rf8 41. Qb3 b4 42. Rb1 Rb8 43. a3 Rgg8 44. axb4 Rb7 45. Qc4
Be3 46. Qc6 Qxd3 47. Rbe1 Bd2 48. Qd7 Rg7 49. Qe8+ Rg8 50. Qf7 Rg7 51.
Qxh5+ Kg8 52. Qe8# { Black checkmated } 1-0

[Event "ICC tourney 2349 (60 10)"]
[Site "Internet Chess Club"]
[Date "2021.01.30"]
[Round "3"]
[White "danh07"]
[Black "MagicStar"]
[Result "1-0"]
[ICCResult "Black checkmated"]
[WhiteElo "1852"]
[BlackElo "2059"]
[Opening "French: Tarrasch, open variation, main line"]
[ECO "C09"]
[NIC "FR.22"]
[Time "16:00:59"]
[PlyCount "111"]
[TimeControl "3600+10"]

1. e4 e6 2. d4 d5 3. Nd2 c5 4. exd5 exd5 5. Ngf3 Nc6 6. Bb5 Qe7+ 7. Be2 Nf6
8. O-O Qc7 9. Re1 Be7 10. dxc5 O-O 11. Nb3 Be6 12. c3 Ne4 13. Be3 Rad8 14.
Nfd4 Ne5 15. Bf4 Bf6 16. Bd3 Qe7 17. Bxe4 dxe4 18. Rxe4 Bxb3 19. axb3 Qxc5
20. b4 Qd5 21. Qe2 Ng6 22. Bg3 a6 23. h4 Qd7 24. h5 Ne7 25. h6 Nf5 26. hxg7
Bxg7 27. Be5 Nxd4 28. Bxd4 Bxd4 29. Rxd4 Qf5 30. Rg4+ Kh8 31. Rd1 Rfe8 32.
Rxd8 Rxd8 33. g3 Qd5 34. Rd4 Qg5 35. Qe3 Qf6 36. Qf4 Qe7 37. Rxd8+ Qxd8 38.
Qd4+ Qxd4 39. cxd4 Kg7 40. Kg2 f5 41. Kf3 Kf6 42. Kf4 Ke6 43. d5+ Kxd5 44.
Kxf5 Kc4 45. Ke6 Kxb4 46. f4 Kb3 47. f5 Kxb2 48. f6 a5 49. f7 a4 50. f8=Q
a3 51. Qb4+ Ka2 52. Kd5 b6 53. Kc4 b5+ 54. Kc3 h5 55. Kc2 h4 56. Qb1# {
Black checkmated } 1-0

[Event "ICC tourney 2349 (60 10)"]
[Site "Internet Chess Club"]
[Date "2021.01.30"]
[Round "3"]
[White "Zuiopal"]
[Black "Kyle2007"]
[Result "0-1"]
[ICCResult "White resigns"]
[WhiteElo "1654"]
[BlackElo "2038"]
[Opening "Nimzo-Indian: classical, Milner-Barry (Zurich) variation"]
[ECO "E33"]
[NIC "NI.24"]
[Time "16:01:44"]
[PlyCount "126"]
[TimeControl "3600+10"]

1. d4 Nf6 2. c4 e6 3. Nc3 Bb4 4. Qc2 Nc6 5. Nf3 d6 6. e3 O-O 7. Bd3 Qe7 8.
e4 e5 9. O-O exd4 10. Nd5 Nxd5 11. exd5 Ne5 12. Nxd4 Nxd3 13. Qxd3 Qf6 14.
b3 Bd7 15. Bb2 Rfe8 16. a3 Ba5 17. Ra2 Qg5 18. b4 Bb6 19. Bc3 Bxd4 20. Bxd4
Bf5 21. Qc3 f6 22. Be3 Qh5 23. f3 Re7 24. Re1 Rae8 25. Bf2 Rxe1+ 26. Bxe1
Qg5 27. Bd2 Qh4 28. Be3 a6 29. Ra1 Qh5 30. Re1 Qg6 31. g3 Bd7 32. Bf2 Rxe1+
33. Bxe1 Qb1 34. Kf2 Kf7 35. c5 Qa2+ 36. Bd2 Qxd5 37. cxd6 cxd6 38. h4 Bc6
39. Qe3 Bb5 40. Qc3 Bc6 41. Qe3 Qa2 42. Qd3 d5 43. Qe3 Qc4 44. g4 Bb5 45.
Kg3 d4 46. Qe4 Qc7+ 47. Bf4 Qd7 48. Qxh7 d3 49. h5 d2 50. Bxd2 Qxd2 51.
Qg6+ Kf8 52. Qf5 Qe1+ 53. Kf4 Qe5+ 54. Qxe5 fxe5+ 55. Kxe5 Be2 56. Kf4 Kf7
57. g5 Ke6 58. h6 gxh6 59. gxh6 Kf6 60. b5 Bxb5 61. h7 Kg7 62. a4 Bxa4 63.
h8=Q+ Kxh8 { White resigns } 0-1

[Event "ICC tourney 2349 (60 10)"]
[Site "Internet Chess Club"]
[Date "2021.01.30"]
[Round "3"]
[White "knasta"]
[Black "edmehu"]
[Result "0-1"]
[ICCResult "White checkmated"]
[WhiteElo "1886"]
[BlackElo "2212"]
[Opening "Sicilian defense"]
[ECO "B34"]
[NIC "SI.34"]
[Time "16:01:13"]
[PlyCount "108"]
[TimeControl "3600+10"]

1. e4 c5 2. Nf3 Nc6 3. d4 cxd4 4. Nxd4 Nf6 5. Nc3 g6 6. Be3 Bg7 7. Nxc6
bxc6 8. e5 Ng8 9. Bd4 Nh6 10. e6 O-O 11. Bxg7 Kxg7 12. exd7 Qxd7 13. Qxd7
Bxd7 14. O-O-O Be6 15. Be2 Rac8 16. Bf3 Nf5 17. g3 c5 18. Nb5 a6 19. Nc3
Rcd8 20. Bb7 a5 21. Na4 Nd6 22. Nxc5 Bg4 23. Rde1 Nxb7 24. Nxb7 Rd5 25.
Rxe7 Rc8 26. f3 Bf5 27. c3 Kf6 28. Rhe1 Be6 29. R1xe6+ fxe6 30. Rxh7 a4 31.
Kc2 Ke5 32. f4+ Ke4 33. Re7 Rc6 34. b4 Ke3 35. Nc5 Rd2+ 36. Kb1 a3 37. Ra7
Rb2+ 38. Ka1 Rd6 39. Rxa3 Rc2 40. Rb3 Rd1+ 41. Rb1 Rdd2 42. Re1+ Kf3 43.
Nxe6 Rxa2+ 44. Kb1 Rxh2 45. Nd4+ Kxg3 46. Rg1+ Kxf4 47. Rxg6 Ke4 48. Rc6
Raf2 49. Re6+ Kd3 50. Re1 Kxc3 51. Rc1+ Kxd4 52. b5 Rb2+ 53. Ka1 Ra2+ 54.
Kb1 Rhb2# { White checkmated } 0-1

[Event "ICC tourney 2349 (60 10)"]
[Site "Internet Chess Club"]
[Date "2021.01.30"]
[Round "3"]
[White "rcww2020"]
[Black "davika21"]
[Result "0-1"]
[ICCResult "White resigns"]
[WhiteElo "1674"]
[BlackElo "1898"]
[Opening "Bishop's opening"]
[ECO "C23"]
[NIC "IG.04"]
[Time "16:00:53"]
[PlyCount "145"]
[TimeControl "3600+10"]

1. e4 e5 2. Bc4 Nc6 3. Nc3 Be7 4. d3 Nf6 5. Nge2 O-O 6. a3 d6 7. O-O Be6 8.
b3 d5 9. exd5 Nxd5 10. Nxd5 Bxd5 11. Bxd5 Qxd5 12. Bb2 f5 13. d4 Bf6 14.
dxe5 Qxd1 15. Raxd1 Nxe5 16. Bc1 Rad8 17. f4 Nf7 18. Kf2 Nd6 19. Ng3 Bh4
20. Kf3 Bxg3 21. hxg3 Ne4 22. g4 g6 23. gxf5 gxf5 24. g4 Nd6 25. Rg1 Kf7
26. Bb2 fxg4+ 27. Rxg4 Nf5 28. Rh1 h6 29. Rh5 Ke6 30. Bg7 Rf7 31. Bxh6 Nd4+
32. Ke4 Nxc2 33. Rg6+ Kd7 34. Rd5+ Kc8 35. Rxd8+ Kxd8 36. Bg5+ Kd7 37. a4
c6 38. f5 Na1 39. b4 Nc2 40. Bd2 Na3 41. f6 Ke6 42. Bc3 Nc4 43. Rg7 Nd6+
44. Kf4 b5 45. Rxf7 Nxf7 46. a5 a6 47. Ke4 Nd8 48. Bd4 Nb7 49. Kf4 Nd6 50.
Bc5 Nf7 51. Be7 Ne5 52. Kg5 Kf7 53. Kf5 Nd7 54. Kg5 Ke6 55. Kg6 Ne5+ 56.
Kg7 Nf7 57. Bc5 Ne5 58. Be7 Nf7 59. Kf8 Ne5 60. Ke8 Nf7 61. Kf8 Ne5 62. Kg7
Nf7 63. Bc5 Ne5 64. Bd4 Nf7 65. Kf8 Nd6 66. Bb6 Kxf6 67. Bc5 Nf7 68. Ke8
Ke6 69. Kf8 Nd6 70. Kg7 Kd5 71. Kg6 Nb7 72. Be7 c5 73. Kf5 { White resigns
} 0-1

[Event "ICC tourney 2349 (60 10)"]
[Site "Internet Chess Club"]
[Date "2021.01.30"]
[Round "3"]
[White "lemon365"]
[Black "nicochasin"]
[Result "1/2-1/2"]
[ICCResult "Game drawn by mutual agreement"]
[WhiteElo "2034"]
[BlackElo "2432"]
[Opening "Sicilian defense"]
[ECO "B44"]
[NIC "SI.39"]
[Time "16:01:49"]
[PlyCount "130"]
[TimeControl "3600+10"]

1. e4 c5 2. Nf3 e6 3. d4 cxd4 4. Nxd4 Nc6 5. g3 Qc7 6. Bg2 a6 7. Nc3 h5 8.
h3 Bc5 9. Nb3 Ba7 10. Qe2 Nge7 11. Bf4 Ne5 12. Bxe5 Qxe5 13. f4 Qc7 14.
O-O-O d6 15. Rd3 b5 16. Rhd1 b4 17. Nb1 Bd7 18. Rxd6 Bb5 19. Qf3 Rc8 20. c3
Nd5 21. Rxe6+ fxe6 22. exd5 exd5 23. Re1+ Kf8 24. Qxd5 Re8 25. Re5 Rxe5 26.
fxe5 Ke7 27. N3d2 Bb8 28. Nf3 Rd8 29. Qe4 Qc4 30. Nd4 Kf8 31. b3 Qf7 32. e6
Qe7 33. c4 Be8 34. h4 g6 35. Nd2 Kg8 36. g4 Qxh4 37. e7 Rd6 38. Qe5 Qf6 39.
Bd5+ Kh7 40. Qe4 h4 41. N2f3 Rd7 42. Ne6 Rxe7 43. g5 Qa1+ 44. Kd2 Qxa2+ 45.
Kc1 Qa1+ 46. Kd2 Qh8 47. Qxh4+ Kg8 48. Nd8+ Kg7 49. Ne6+ Rxe6 50. Qxh8+
Kxh8 51. Bxe6 Kg7 52. Kd3 Kf8 53. c5 Ke7 54. Bd5 Bb5+ 55. Kd4 Bg3 56. Be4
Be2 57. Ne5 Ke6 58. Nd3 Bxd3 59. Bxd3 Bf4 60. Kc4 Bxg5 61. Kxb4 Bd2+ 62.
Ka4 Kd5 63. b4 Be3 64. Bxa6 Bxc5 65. bxc5 Kxc5 { Game drawn by mutual
agreement } 1/2-1/2

[Event "ICC tourney 2349 (60 10)"]
[Site "Internet Chess Club"]
[Date "2021.01.31"]
[Round "4"]
[White "Chesssmolbrain"]
[Black "rgolden277"]
[Result "0-1"]
[ICCResult "White resigns"]
[WhiteElo "1393"]
[BlackElo "1554"]
[Opening "QGD: Charousek (Petrosian) variation"]
[ECO "D31"]
[NIC "EO.64"]
[Time "10:04:55"]
[PlyCount "36"]
[TimeControl "3600+10"]

1. c4 e6 2. d4 d5 3. Nc3 Be7 4. e4 Nf6 5. e5 Ne4 6. Nxe4 dxe4 7. Qg4 Qxd4
8. Nf3 Bb4+ 9. Nd2 Qxe5 10. a3 Ba5 11. b4 Qxa1 12. Nb3 Qc3+ 13. Nd2 Qxc1+
14. Ke2 O-O 15. bxa5 Qxa3 16. Nxe4 Qb2+ 17. Ke1 Nc6 18. Nf6+ Qxf6 { White
resigns } 0-1

[Event "ICC tourney 2349 (60 10)"]
[Site "Internet Chess Club"]
[Date "2021.01.31"]
[Round "4"]
[White "zsanwal"]
[Black "BlueberryAngel"]
[Result "0-1"]
[ICCResult "White checkmated"]
[WhiteElo "922"]
[BlackElo "1427"]
[Opening "Four knights: Italian variation"]
[ECO "C47"]
[NIC "RG.01"]
[Time "10:05:35"]
[PlyCount "84"]
[TimeControl "3600+10"]

1. e4 e5 2. Nf3 Nf6 3. Nc3 Nc6 4. Bc4 Nxe4 5. Nxe4 d5 6. Bb5 dxe4 7. Nxe5
Bd7 8. Nxc6 Bxc6 9. Bxc6+ bxc6 10. O-O Bd6 11. Re1 Qe7 12. d3 f5 13. Qh5+
g6 14. Qe2 O-O 15. Bd2 Qe5 16. g3 Qxb2 17. dxe4 Rae8 18. Qd3 fxe4 19. Reb1
Qxb1+ 20. Rxb1 exd3 21. cxd3 Re2 22. Be3 Rxa2 23. Rb7 a5 24. Rb1 a4 25. Bd4
Ra8 26. Re1 Kf7 27. Re3 Rd2 28. Rf3+ Kg8 29. h4 a3 30. g4 a2 31. h5 a1=Q+
32. Bxa1 Rxa1+ 33. Kg2 Re1 34. h6 Rdd1 35. Rh3 Rg1+ 36. Kf3 Rxd3+ 37. Ke2
Rxh3 38. Kd2 Bb4+ 39. Kc2 Re1 40. f3 Rxf3 41. Kb2 Re2+ 42. Kc1 Rf1# { White
checkmated } 0-1

[Event "ICC tourney 2349 (60 10)"]
[Site "Internet Chess Club"]
[Date "2021.01.31"]
[Round "4"]
[White "vsausemicheal"]
[Black "Saga44"]
[Result "1/2-1/2"]
[ICCResult "Game drawn by repetition"]
[WhiteElo "1679"]
[BlackElo "974"]
[Opening "Queen's bishop game"]
[ECO "D00"]
[NIC "QP.08"]
[Time "10:04:52"]
[PlyCount "85"]
[TimeControl "3600+10"]

1. d4 d5 2. Bf4 Nf6 3. Nf3 Bf5 4. e3 e6 5. Ne5 Nbd7 6. Be2 Bd6 7. g4 Bg6 8.
h4 h6 9. Nxg6 fxg6 10. Bxd6 cxd6 11. Qd3 Qe7 12. Qxg6+ Qf7 13. Qxf7+ Kxf7
14. Nd2 Rac8 15. c3 Ke7 16. O-O-O Rhf8 17. g5 Ne4 18. Nxe4 dxe4 19. Rdf1
Rf5 20. f4 Rg8 21. Rhg1 Rff8 22. Bh5 g6 23. Be2 h5 24. Bb5 a6 25. Bxd7 Kxd7
26. Kd2 b5 27. a3 a5 28. Rc1 Rc8 29. Rgf1 Rgf8 30. b4 a4 31. Rc2 d5 32.
Rfc1 Kd6 33. Ke2 Rc4 34. Kf2 Rf5 35. Kg3 Ke7 36. Re2 Kd6 37. Rcc2 Ke7 38.
Kg2 Kd6 39. Kg3 Ke7 40. Kg2 Kd6 41. Kg3 Ke7 42. Kg2 Kd6 43. Kg3 { Game
drawn by repetition } 1/2-1/2

[Event "ICC tourney 2349 (60 10)"]
[Site "Internet Chess Club"]
[Date "2021.01.31"]
[Round "4"]
[White "nikhilthota"]
[Black "Aeneas"]
[Result "1-0"]
[ICCResult "Black checkmated"]
[WhiteElo "1844"]
[BlackElo "1690"]
[Opening "English opening"]
[ECO "A30"]
[NIC "QP.11"]
[Time "10:04:40"]
[PlyCount "113"]
[TimeControl "3600+10"]

1. Nf3 Nf6 2. c4 c5 3. e3 d5 4. cxd5 Nxd5 5. d4 cxd4 6. exd4 Nc6 7. Bb5
Qa5+ 8. Nc3 Nxc3 9. Bxc6+ bxc6 10. bxc3 Qxc3+ 11. Bd2 Qd3 12. Qb3 Qxb3 13.
axb3 f6 14. O-O Kf7 15. Bb4 e6 16. Bxf8 Rxf8 17. Rfe1 Rd8 18. Rec1 Rd6 19.
Ra4 Ke7 20. h3 Kd7 21. Nd2 e5 22. Nc4 Rxd4 23. Nb6+ axb6 24. Rxa8 Kc7 25.
Ra4 Rxa4 26. bxa4 Kd6 27. Rb1 Kc5 28. Rc1+ Kd6 29. f3 Be6 30. a5 bxa5 31.
Ra1 Kc5 32. Rxa5+ Kb4 33. Ra7 g6 34. Rxh7 c5 35. Kf2 c4 36. Ke3 Kc3 37. Re7
Bf5 38. Rf7 Kc2 39. Rxf6 c3 40. g4 Bd3 41. h4 Bc4 42. Rxg6 Kc1 43. h5 c2
44. Rc6 Bb3 45. Ke2 Ba4 46. Rc5 Bb3 47. g5 Kb2 48. Kd2 e4 49. fxe4 Ba4 50.
g6 Bb3 51. h6 Kb1 52. h7 c1=Q+ 53. Rxc1+ Ka2 54. h8=Q Ba4 55. Qg8+ Bb3 56.
Qa8+ Kb2 57. Qa1# { Black checkmated } 1-0

[Event "ICC tourney 2349 (60 10)"]
[Site "Internet Chess Club"]
[Date "2021.01.31"]
[Round "4"]
[White "ZhonglisMeteor"]
[Black "anan193"]
[Result "0-1"]
[ICCResult "White checkmated"]
[WhiteElo "1425"]
[BlackElo "1626"]
[Opening "King's Indian: London system"]
[ECO "A48"]
[NIC "QP.03"]
[Time "10:04:55"]
[PlyCount "112"]
[TimeControl "3600+10"]

1. d4 Nf6 2. Nf3 g6 3. Bf4 Bg7 4. Nbd2 O-O 5. e3 d5 6. c4 c6 7. Be2 Nbd7 8.
c5 Nh5 9. Bg3 Re8 10. Ne5 Nxg3 11. hxg3 Nxe5 12. dxe5 Qa5 13. O-O Bxe5 14.
Nb3 Qc7 15. Qd2 Bg7 16. f4 e5 17. Rf2 exf4 18. gxf4 Qe7 19. Rf3 Bg4 20. Rg3
Bxe2 21. Qxe2 Qf6 22. Rb1 Qxf4 23. Rf3 Qc7 24. Rbf1 Re7 25. Qf2 f5 26. Nd4
Bxd4 27. exd4 Rae8 28. Rb3 Re2 29. Qf3 Qg7 30. Rd1 Re1+ 31. Kf2 Rxd1 32.
Qxd1 Re4 33. Rb4 Qh6 34. Rxb7 Qe3+ 35. Kf1 Rf4+ 36. Qf3 Rxf3+ 37. gxf3
Qxf3+ 38. Ke1 Qe3+ 39. Kf1 Qxd4 40. Rxa7 Qxc5 41. Ra8+ Kg7 42. b3 Qc1+ 43.
Ke2 d4 44. Ra7+ Kh6 45. Ra6 Qe3+ 46. Kd1 Qd3+ 47. Kc1 Qxa6 48. Kb2 d3 49.
a4 d2 50. Kc2 Qe2 51. Kc3 d1=Q 52. Kb4 Qee1+ 53. Kc5 Qc3+ 54. Kb6 Qdxb3+
55. Ka6 Qcb4 56. a5 Qb7# { White checkmated } 0-1

[Event "ICC tourney 2349 (60 10)"]
[Site "Internet Chess Club"]
[Date "2021.01.31"]
[Round "4"]
[White "concretesteve1"]
[Black "Icecream232"]
[Result "1-0"]
[ICCResult "Black resigns"]
[WhiteElo "1408"]
[BlackElo "1661"]
[Opening "Sicilian: closed"]
[ECO "B24"]
[NIC "SI.44"]
[Time "10:04:42"]
[PlyCount "59"]
[TimeControl "3600+10"]

1. e4 c5 2. Nc3 Nc6 3. g3 g6 4. Bg2 Bg7 5. f4 e6 6. Nge2 Nge7 7. e5 O-O 8.
O-O b6 9. Nb5 Bb7 10. Nd6 Qc7 11. d4 Nf5 12. Nxf5 exf5 13. dxc5 bxc5 14.
Be3 Na5 15. Bxb7 Nxb7 16. Nc3 Rad8 17. Nd5 Qb8 18. g4 fxg4 19. Qxg4 Kh8 20.
Rf3 d6 21. Nf6 dxe5 22. Qh4 h5 23. Nxh5 gxh5 24. Qxh5+ Kg8 25. f5 Qd6 26.
f6 Bxf6 27. Rg3+ Bg7 28. Bh6 Qd4+ 29. Kg2 Qd2+ 30. Bxd2 { Black resigns }
1-0

[Event "ICC tourney 2349 (60 10)"]
[Site "Internet Chess Club"]
[Date "2021.01.31"]
[Round "4"]
[White "Strawberrydevil"]
[Black "TeeKay2020"]
[Result "0-1"]
[ICCResult "White checkmated"]
[WhiteElo "1668"]
[BlackElo "1763"]
[Opening "French: advance, Paulsen attack"]
[ECO "C02"]
[NIC "FR.03"]
[Time "10:04:54"]
[PlyCount "50"]
[TimeControl "3600+10"]

1. e4 e6 2. d4 d5 3. e5 c5 4. c3 Nc6 5. Nf3 Qb6 6. a3 c4 7. Be2 Na5 8. Nbd2
Bd7 9. O-O Ne7 10. Rb1 Qc7 11. Ne1 Nc8 12. f4 Nb6 13. Nef3 Be7 14. Qe1
O-O-O 15. b4 cxb3 16. Nxb3 Nxb3 17. Rxb3 Kb8 18. Bd2 Ba4 19. Rb2 Nc4 20.
Bxc4 Qxc4 21. Qa1 Bb5 22. Rfb1 Ba6 23. a4 h6 24. a5 Ka8 25. Ne1 Qf1# {
White checkmated } 0-1